 Dungeon Crawl Stone Soup version 0.18.1-6-gd335043 (webtiles) character file.

519 epen the Chopper (level 7, -1/61 HPs)
             Began as a Minotaur Fighter on May 18, 2016.
             Succumbed to a water moccasin's poison
             ... on level 5 of the Dungeon.
             The game lasted 00:03:51 (3126 turns).

epen the Chopper (Minotaur Fighter)                 Turns: 3126, Time: 00:03:51

Health: -1/61      AC: 12    Str: 23    XL:     7   Next: 1%
Magic:  6/6        EV: 15    Int:  5    God:
Gold:   201        SH:  0    Dex: 17    Spells: 0 memorised, 6 levels left

rFire  . . .     SeeInvis .     a - +0 war axe
rCold  . . .     Gourm    .     q - +0 chain mail
rNeg   . . .     Faith    .     (no shield)
rPois  .         Spirit   .     (helmet restricted)
rElec  .         Dismiss  .     o - +0 cloak
rCorr  .         Reflect  .     (no gloves)
SustAt .         Harm     .     y - +0 pair of boots
MR     +....                    (no amulet)
Stlth  ..........               v - +3 ring of dexterity
                                m - ring of protection from magic

@: agile, lethally poisoned (-1 -> -16), somewhat resistant to hostile
enchantments, extremely unstealthy
A: retaliatory headbutt, horns 2
a: no special abilities


You were on level 5 of the Dungeon.
You were hungry.

You visited 1 branch of the dungeon, and saw 5 of its levels.

You collected 201 gold pieces.

Inventory:

Hand Weapons
 a - a +0 war axe (weapon)
Missiles
 t - a throwing net (quivered)
Armour
 b - a +0 scale mail
 c - a +0 shield
 o - a +0 cloak (worn)
 q - a +0 chain mail (worn)
 y - a +0 pair of boots (worn)
Jewellery
 m - a ring of protection from magic (left hand)
 v - a +3 ring of dexterity (right hand)
Scrolls
 e - 3 scrolls of noise {unknown}
 h - 2 scrolls of identify {unknown}
 j - a scroll of fear {unknown}
 k - a scroll of enchant weapon {unknown}
 n - 3 scrolls of remove curse {unknown}
 x - a scroll of amnesia {unknown}
Potions
 d - a potion of might
 i - a potion of resistance {unknown}
 p - a potion of cure mutation {unknown}
 r - a potion of ambrosia {unknown}
 u - a potion of degeneration {unknown}
 w - a potion of lignification {unknown}
 z - a potion of curing {unknown}
 B - a potion of flight {unknown}
Books
 s - a book of Ice

   Spells                             Type                      Level
   a - Ice Form                       Ice/Transmutation            4
   b - Metabolic Englaciation         Hexes/Ice                    5
   c - Ozocubu's Refrigeration        Ice                          6
   d - Bolt of Cold                   Conjuration/Ice              6
   e - Freezing Cloud                 Conjuration/Ice/Air          6
   f - Simulacrum                     Ice/Necromancy               6
Comestibles
 f - 3 bread rations
 l - 2 beef jerkies


   Skills:
 + Level 5.1 Fighting
 * Level 5.6 Axes
 + Level 5.3 Armour
 * Level 4.0 Dodging
 - Level 3.6 Shields


You had 6 spell levels left.
You didn't know any spells.

Dungeon Overview and Level Annotations

Branches:
Dungeon (5/15)
 Temple: D:4-7

Altars:
Qazlal
Ru
Trog
Xom
The Shining One


Innate Abilities, Weirdness & Mutations

You reflexively headbutt those who attack you in melee.
You have a pair of horns on your head.


Message History

You feel sick.
The water moccasin bites you but does no damage.
You closely miss the water moccasin.
The water moccasin is almost dead.
* * * LOW HITPOINT WARNING * * *
You feel sick. The water moccasin bites you.
* * * LOW HITPOINT WARNING * * *
The water moccasin bites you but does no damage.
Unknown command.
You barely miss the water moccasin.
Your headbutt misses the water moccasin.
The water moccasin is almost dead.
* * * LOW HITPOINT WARNING * * *
You feel sick.
The water moccasin bites you but does no damage. x2
Unknown command.
Drink which item? (? for menu, Esc to quit)
It was a potion of agility.
You feel agile all of a sudden.
You die...

...................≈≈#≈##≈≈
######....####.....≈#≈≈≈≈#
≈ #....# #.....≈≈≈_.≈+..
#....# #......≈≈>8≈≈.
#....# #......#≈≈≈≈#.$
#....# #......##≈#≈#..
#....# #........≈≈≈≈≈..
#....# #.......≈≈≈...≈..
####..@.............
........S............
.....................
.....................
.....................
.....................
.....................
#####................
..................


You could see a water moccasin.

Vanquished Creatures
  An ogre (D:5)
  A hound (D:4)
  A jelly (D:5)
  2 orc wizards (D:4)
  An iguana (D:4)
  Jessica (D:3)
  2 worker ants (D:4)
  4 gnolls (D:3)
  6 adders
  2 shadow imps
  2 adder skeletons
  3 worms (D:3)
  2 dart slugs (D:1)
  4 giant geckos
  12 orcs
  3 giant cockroaches
  6 goblins
  3 hobgoblins
  6 jackals
  4 kobolds
  2 ball pythons
  8 bats
  6 giant newts
  8 rats
90 creatures vanquished.

Notes
Turn   | Place    | Note
--------------------------------------------------------------
     0 | D:1      | epen the Minotaur Fighter began the quest for the Orb.
     0 | D:1      | Reached XP level 1. HP: 19/19 MP: 0/0
    47 | D:1      | Reached XP level 2. HP: 25/27 MP: 1/1
   243 | D:1      | Reached skill level 1 in Dodging
   264 | D:1      | Reached XP level 3. HP: 31/33 MP: 2/2
   726 | D:2      | Found a bloodstained altar of Trog.
  1260 | D:3      | Noticed Jessica
  1265 | D:3      | Killed Jessica
  1265 | D:3      | Reached XP level 4. HP: 40/40 MP: 3/3
  1324 | D:3      | Found a shimmering altar of Xom.
  1542 | D:3      | Reached XP level 5. HP: 30/47 MP: 4/4
  2163 | D:4      | Reached skill level 5 in Axes
  2212 | D:4      | Reached XP level 6. HP: 48/53 MP: 5/5
  2266 | D:4      | Found a sacrificial altar of Ru.
  2284 | D:4      | Reached skill level 5 in Armour
  2460 | D:4      | Found a glowing golden altar of the Shining One.
  2760 | D:5      | Entered Level 5 of the Dungeon
  2784 | D:5      | Reached skill level 5 in Fighting
  3090 | D:5      | Found a stormy altar of Qazlal.
  3103 | D:5      | Noticed a water moccasin
  3117 | D:5      | Reached XP level 7. HP: 23/61 MP: 6/6
  3124 | D:5      | HP: 3/61 [water moccasin (4)]
  3125 | D:5      | HP: 1/61 [poisoned by a water moccasin]
  3126 | D:5      | Succumbed to a water moccasin's poison

Skill      XL: |  1  2  3  4  5  6 |
---------------+-------------------+-----
Fighting       | 4 5 |  5.1
Axes           | 3 4 5 |  5.6
Dodging        | 1 2 3 4 |  4.0
Armour         | 4 5 |  5.3
Shields        | |  3.6

Action                   |  1- 3 |  4- 6 |  7- 9 || total
-------------------------+-------+-------+-------++-------
Melee: War axe           |    69 |   127 |     8 ||   204
       Headbutt          |     4 |    21 |     1 ||    26
  Use: Potion            |       |       |     1 ||     1
  Eat: Chunk             |     1 |     4 |       ||     5
       Pizza             |       |     1 |       ||     1
Armor: Scale mail        |    40 |       |       ||    40
       Chain mail        |     1 |    76 |     8 ||    85
Dodge: Dodged            |    52 |    59 |     4 ||   115
